 Dungeon Crawl Stone Soup version 0.31-a0-690-g7ce4588941 (webtiles) character file.

Game seed: 4298844438038740820

32 GeoRichter the Changeling (level 3, -5/18 HPs)
             Began as a Vine Stalker Shapeshifter on Sept 6, 2023.
             Slain by an orc
             ... wielding a +1 flail of protection
              (6 damage)
             ... on level 2 of the Dungeon.
             The game lasted 00:02:18 (871 turns).

GeoRichter the Changeling (VSSh)                     Turns: 871, Time: 00:02:19

Health: -5/18      AC:  2    Str: 18    XL:     3   Next: 27%
Magic:  0/4        EV: 12    Int: 10    God:
Gold:   99         SH:  0    Dex: 13    Spells: 2/2 levels left

rFire   . .          .
                       - Unarmed
rCold   . . .        (no shield)
rNeg    . . .        a - +0 animal skin
rPois   .            (helmet currently unavailable)
rElec   .            (cloak currently unavailable)
rCorr   .            (gloves currently unavailable)
SInv    .            (boots currently unavailable)
Will    .....        (no amulet)
Stlth   ++           (no ring)
HPRegen 1.03/turn    (no ring)
MPRegen 0.09/turn

%: guardian spirit
@: beast-form
A: beast (slay +1), fangs 2, regeneration 1, magic shield, antimagic bite, no
potion heal 2
a: Begin Untransformation


You were on level 2 of the Dungeon.
You were a hulking beast.
You visited 1 branch of the dungeon, and saw 2 of its levels.

You collected 99 gold pieces.

Inventory:

Hand Weapons
 h - a +0 dagger
Armour
 a - a +0 animal skin (worn)
Talismans
 c - a beast talisman (active)
 d - a flux talisman
Scrolls
 g - a scroll of vulnerability {unknown}
 j - a scroll of poison {unknown}
Potions
 b - a potion of lignification
 e - a potion of invisibility
 f - 2 potions of curing
 i - a potion of berserk rage {unknown}


   Skills:
 - Level 1.3 Fighting
 * Level 1.6 Short Blades
 - Level 1.5 Dodging
 + Level 1.6 Stealth
 - Level 3.0 Unarmed Combat
 - Level 3.1 Shapeshifting


You had 2 spell levels left.
You didn't know any spells.
Your spell library contained the following spells:

 Spells                   Type           Power      Damage    Failure   Level
 Sublimation of Blood     Necr           0%         N/A       50%         2
 Ozocubu's Armour         Ice            0%         N/A       75%         3
 Summon Guardian Golem    Hex/Summ       0%         N/A       75%         3
 Petrify                  Tmut/Erth      0%         N/A       98%         4
 Irradiate                Conj/Tmut      0%         3d11      100%        5
 Orb of Destruction       Conj           0%         9d5       100%        7
 Ozocubu's Refrigeration  Ice            0%         4d7       100%        7
 Spellforged Servitor     Conj/Summ      0%         N/A       100%        7


Dungeon Overview and Level Annotations

Branches:
Dungeon (2/15)

Altars:


Innate Abilities, Weirdness & Mutations

You are a hulking beast.
Your limbs bulge with bestial killing power. (Slay +1)
You have extremely sharp teeth.
Your natural rate of healing is unusually fast.
When hurt, damage is shared between your health and your magic reserves.
Your bite disrupts and absorbs the magic of your enemies.
Potions cannot restore your health.


Message History

The orc is severely wounded.
You closely miss the orc. Your bite misses the orc.
The orc is severely wounded.
The orc closely misses you.
You hit the orc but do no damage. You bite the orc, but do no damage.
The orc is severely wounded.
An endoplasm comes into view.
The orc hits you with a +1 flail of protection.
The endoplasm quivers.
You hit the orc but do no damage. Your bite misses the orc.
The orc is severely wounded.
The frilled lizard bites you but does no damage.
The orc hits you with a +1 flail of protection.
You barely miss the orc. You bite the orc, but do no damage.
The orc is severely wounded.
The orc hits you with a +1 flail of protection!
The endoplasm closely misses you. The frilled lizard closely misses you.
You are too injured to fight recklessly!
You are too injured to fight recklessly!
You are too injured to fight recklessly!
Unknown command.
You hit the orc but do no damage. Your bite misses the orc.
The orc is severely wounded.
The endoplasm barely misses you. The frilled lizard barely misses you.
The orc closely misses you.
You hit the orc but do no damage.
The orc is severely wounded.
The orc hits you with a +1 flail of protection!
* * * LOW HITPOINT WARNING * * *
The endoplasm hits you but does no damage.
The frilled lizard closely misses you.
Unknown command.
You hit the orc.
The orc is almost dead.
The endoplasm freezes you.
You are frozen.
* * * LOW HITPOINT WARNING * * *
The frilled lizard misses you.
The orc hits you with a +1 flail of protection.
You die...

####### #.....#
##.....# #......#
###.....(### ######
...........# #....#
#....l....######....#
#...oh........#....#
#....J...####.#....# #
#..#.##+##....#)...##≈
#..J. ........'....~≈≈
#.....
#.#####.#†...~≈≈
....### #.)...~~~~
###. ###...~≈≈≈ .
#....~≈≈≈ #....~~≈≈


You could see an orc, 2 endoplasms and a frilled lizard.

Vanquished Creatures
  2 dart slugs (D:1)
  A ball python (D:1)
  3 endoplasms
  A giant cockroach (D:2)
  3 goblins
  2 jackals (D:1)
  3 kobolds
  A quokka (D:1)
  4 bats
  4 frilled lizards
  4 rats
28 creatures vanquished.

Notes
Turn   | Place    | Note
-------+----------+-------------------------------------------
     0 | D:1      | GeoRichter the Vine Stalker Shapeshifter began the quest
                  | for the Orb.
     0 | D:1      | Reached XP level 1. HP: 9/9 MP: 2/2
    91 | D:1      | Reached skill level 1 in Fighting
   289 | D:1      | Reached XP level 2. HP: 7/14 MP: 3/3
   449 | D:1      | Reached skill level 1 in Short Blades
   449 | D:1      | Reached skill level 1 in Stealth
   762 | D:2      | Reached XP level 3. HP: 18/18 MP: 4/4
   790 | D:2      | Found a faded altar of an unknown god.
   871 | D:2      | Slain by an orc

Illustrated notes

Levels and vault maps discovered:
D:1:      onia_arrival_pentagram, layout_basic
D:2:      minmay_inner_zag, layout_basic, nicolae_ecumenical_lake_church,
          dreamdust_wishing_well, minmay_close_crescents

Skill      XL: |  1  2 |
---------------+-------+-----
Fighting       | 1 |  1.3
Short Blades   | 1 |  1.6
Stealth        | 1 |  1.6
Dodging        | |  1.5
Unarmed Combat | |  3.0
Shapeshifting  | |  3.1

Action                     || total
---------------------------++-------
  Melee: Dagger            ||     9
         Unarmed           ||    61
         Bite              ||    10
         Punch             ||     2
    Use: Scroll            ||     2
   Stab: Sleeping          ||     2
 Armour: Animal skin       ||    37
  Dodge: Dodged            ||    48

Table legend: (Time is in decaauts)
 A = Elapsed time spent in this place.
 B = Non-inter-level travel time spent in this place.
 C = Inter-level travel time spent in this place.
 D = Time resting spent in this place.
 E = Time spent auto-exploring this place.
 F = Levels seen in this place.
 G = Mean time per level.
                   A        B        C        D        E       F      G
               +--------+--------+--------+--------+--------+-----+--------+
         Total |    866 |    839 |     27 |      0 |    661 |   2 |  433.0 |
       Dungeon |    866 |    839 |     27 |      0 |    661 |   2 |  433.0 |
               +--------+--------+--------+--------+--------+-----+--------+

Top non-repeatable levels by time:
     D:1: 700 daAuts
     D:2: 165 daAuts
